 Dungeon Crawl Stone Soup version 0.29.0-4-gdea44cf6ec (webtiles) character file.

Game seed: 12027580619525879198

86 qw the Chopper (level 4, -5/26 HPs)
             Began as a Tengu Warper on Aug 28, 2022.
             Killed by divine providence
             ... invoked by an orc priest
              (8 damage)
             ... on level 3 of the Dungeon.
             The game lasted 00:00:15 (3293 turns).

qw the Chopper (Tengu Warper)                       Turns: 3293, Time: 00:00:15

Health: -5/26      AC:  5    Str: 13    XL:     4   Next: 49%
Magic:  8/8        EV: 11    Int: 14    God:
Gold:   9          SH:  0    Dex: 13    Spells: 7/7 levels left

rFire   . . .      SeeInvis .   Y - +0 hand axe
rCold   . . .      Faith    .   (no shield)
rNeg    . . .      Spirit   .   g - +0 ring mail
rPois   .          Reflect  .   (helmet restricted)
rElec   .          Harm     .   (no cloak)
rCorr   .          Rampage  .   (no gloves)
Will    .....                   (boots unavailable)
Stlth   +.........              (no amulet)
HPRegen 0.08/turn               (no ring)
MPRegen 0.11/turn               (no ring)

@: no status effects
A: beak, talons 3
a: no special abilities


You were on level 3 of the Dungeon.
You visited 1 branch of the dungeon, and saw 3 of its levels.

You collected 107 gold pieces.
You spent 98 gold pieces at shops.


Innate Abilities, Weirdness & Mutations

You have a beak for a mouth.
You have claws for feet.


   Skills:
 - Level 2.0 Fighting
 + Level 5.0 Axes
 - Level 1.0 Throwing
 - Level 1.1 Armour
 - Level 2.1 Dodging
 - Level 2.0 Spellcasting
 - Level 2.4 Translocations


You had 7 spell levels left.
You didn't know any spells.
Your spell library contained the following spells:

 Spells                   Type           Power      Damage    Failure   Level
 Blink                    Tloc           16%        N/A       28%         2
 Gell's Gravitas          Tloc           8%         N/A       50%         3
 Lesser Beckoning         Tloc           8%         N/A       50%         3
 Teleport Other           Tloc           8%         N/A       50%         3
 Manifold Assault         Tloc           8%         N/A       99%         5

Inventory:

Hand Weapons
 h - a +0 flail
 Y - a +0 hand axe (weapon)
Armour
 g - a +0 ring mail (worn)
Scrolls
 b - a scroll of silence {unknown}
Potions
 a - a potion of curing {unknown}
 c - a potion of mutation {unknown}
 d - a potion of degeneration {unknown}
 f - a potion of cancellation {unknown}

Dungeon Overview and Level Annotations

Branches:
Dungeon (3/15)

Altars:

Shops:
D:3 (

Annotations:
D:3 3 runed translucent doors, qw's ghost, amateur TeWr


Message History

The orc is heavily wounded.
You hit the orc but do no damage. The orc barely misses you.
The orc hits you with a +0 flail!
An orc comes into view. It is wielding a +0 hand axe.
You hit the orc but do no damage. Your peck misses the orc.
The orc is heavily wounded.
You hit the orc but do no damage. The orc hits you but does no damage.
The orc barely misses you.
You barely miss the orc.
The orc is heavily wounded.
You closely miss the orc. You hit the orc. The orc misses you.
The orc hits you with a +0 flail. The orc closely misses you.
You hit the orc.
The orc is severely wounded.
You hit the orc but do no damage. You hit the orc.
The orc hits you with a +0 club. The orc hits you with a +0 short sword.
The orc hits you with a +0 flail.
You hit the orc.
You kill the orc!
You hit the orc. You barely miss the orc. The orc hits you but does no damage.
The orc closely misses you.
You closely miss the orc.
The orc is almost dead.
You hit the orc. The orc hits you with a +0 flail. The orc barely misses you.
You hit the orc but do no damage. Your peck misses the orc.
The orc is almost dead.
You barely miss the orc. The orc barely misses you.
The orc hits you but does no damage.
An orc comes into view. It is wielding a +0 club.
An orc priest comes into view.
It is wielding a +0 short sword of holy wrath.
The orc shouts!
You hit the orc but do no damage.
The orc is almost dead.
You hit the orc but do no damage. The orc closely misses you.
The orc hits you with a +0 short sword.
The orc priest mumbles some strange prayers to Beogh against you.
Beogh smites you!
You die...

# ..# #........ # #.#
#...?....o...... ###.#
+..........o...... ..#.#
#.................
#...####..................
##....##..................
....#)##........o.....#..#
#####..........#o#........
##..######.#@o......... #....#
#...)...............
#.##.####..#.%)............. #
#.##.##....#................ #
###+##....#.................<. #
#....%....#####...............
####.........# #...............
##<..........# #.........^.....
...#.......#+#######.......\.....


You could see an orc priest and 4 orcs.

Vanquished Creatures
  2 adders
  A worm (D:2)
  A dart slug (D:2)
  3 orcs (D:3)
  6 endoplasms
  3 giant cockroaches
  6 goblins
  4 hobgoblins (D:2)
  2 jackals (D:2)
  8 kobolds
  A quokka (D:3)
  4 ball pythons
  7 bats
  2 frilled lizards
  6 rats
56 creatures vanquished.

Notes
Turn   | Place    | Note
-------+----------+-------------------------------------------
     0 | D:1      | qw the Tengu Warper began the quest for the Orb.
     0 | D:1      | Reached XP level 1. HP: 12/12 MP: 4/4
     0 | D:1      | 0 ||| qw: Version: 0.1-a-89-g26bdef1
     0 | D:1      | 0 ||| qw: Game counter: 1918
     0 | D:1      | 0 ||| qw: Always use a shield: true
     0 | D:1      | 0 ||| qw: God list: Okawaru
     0 | D:1      | 0 ||| qw: Allow faded altars: false
     0 | D:1      | 0 ||| qw: Do Orc after D:15 true
     0 | D:1      | 0 ||| qw: Do second Lair branch before Depths: true
     0 | D:1      | 0 ||| qw: Lair rune preference: random
     0 | D:1      | 0 ||| qw: Plans: Normal
     0 | D:1      | 0 ||| PLANNING D:1-11
   503 | D:1      | HP: 3/12 [frozen (4)]
   505 | D:1      | Reached skill level 3 in Axes
   505 | D:1      | Reached XP level 2. HP: 4/17 MP: 6/6
  1266 | D:1      | 1266 ||| UPGRADING to +0 ring mail.
  1276 | D:1      | 1276 ||| DROPPING +0 leather armour.
  1277 | D:1      | 1277 ||| READING scroll labelled LIEKKA IGEU.
  1278 | D:1      | 1278 ||| DROPPING scroll of blinking.
  1465 | D:2      | 1465 ||| Stepping ~*~*~tactically~*~*~ (stealth).
  1470 | D:2      | 1470 ||| Stepping ~*~*~tactically~*~*~ (stealth).
  1471 | D:2      | 1471 ||| Stepping ~*~*~tactically~*~*~ (stealth).
  1676 | D:2      | Reached XP level 3. HP: 18/21 MP: 7/7
  1724 | D:2      | 1724 ||| Stepping ~*~*~tactically~*~*~ (stealth).
  1781 | D:2      | Reached skill level 4 in Axes
  1933 | D:2      | 1933 ||| FLEEEEING.
  1934 | D:2      | 1934 ||| FLEEEEING.
  1938 | D:2      | 1938 ||| FLEEEEING.
  1939 | D:2      | 1939 ||| FLEEEEING.
  1940 | D:2      | 1940 ||| FLEEEEING.
  1941 | D:2      | 1941 ||| FLEEEEING.
  1942 | D:2      | 1942 ||| FLEEEEING.
  2547 | D:2      | Reached XP level 4. HP: 26/26 MP: 8/8
  2674 | D:2      | 2674 ||| READING scroll labelled NELOKLIOTEST.
  2705 | D:3      | 2705 ||| Stepping ~*~*~tactically~*~*~ (stealth).
  2708 | D:3      | 2708 ||| Stepping ~*~*~tactically~*~*~ (stealth).
  2928 | D:3      | Found a runed translucent gate.
  2928 | D:3      | Found a runed translucent gate.
  2930 | D:3      | Noticed qw's ghost (amateur TeWr)
  2931 | D:3      | Found a runed translucent gate.
  3039 | D:3      | 3039 ||| Stepping ~*~*~tactically~*~*~ (stealth).
  3240 | D:3      | Found Vumoad's Antique Weapon Boutique.
  3249 | D:3      | 3249 ||| BUYING flail (98 gold).
  3249 | D:3      | Bought a flail for 98 gold pieces
  3249 | D:3      | 3249 ||| SHOPLISTING runed war axe (182 gold, have 9).
  3249 | D:3      | 3249 ||| SHOPLISTING war axe (98 gold, have 9).
  3249 | D:3      | 3249 ||| DROPPING +0 whip.
  3265 | D:3      | Reached skill level 5 in Axes
  3278 | D:3      | 3278 ||| Stepping ~*~*~tactically~*~*~ (stealth).
  3279 | D:3      | 3279 ||| Stepping ~*~*~tactically~*~*~ (stealth).
  3291 | D:3      | HP: 6/26 [orc/+0 flail (5)]
  3293 | D:3      | Killed from afar by an orc priest

Levels and vault maps discovered:
D:1:      dpeg_arrival_renting, layout_basic, ebering_dispersal_statue_hall,
          kennysheep_minor_cross, minivault_25, chequers_big_river
D:2:      layout_basic, minmay_ruptured
D:3:      layout_basic, serial_shops, shop, gammafunk_ghost_split,
          nicolae_figureground_pulse

Skill      XL: |  1  2  3  4 |
---------------+-------------+-----
Axes           | 3 4 5 |  5.0
Fighting       | |  2.0
Throwing       | |  1.0
Armour         | |  1.1
Dodging        | |  2.1
Spellcasting   | |  2.0
Translocations | |  2.4

Action                   |  1- 3 |  4- 6 || total
-------------------------+-------+-------++-------
Melee: Hand axe          |    77 |    43 ||   120
       Kick              |    21 |    12 ||    33
       Peck              |     7 |     4 ||    11
       Punch             |     1 |       ||     1
Throw: Boomerang         |     7 |       ||     7
  Use: Scroll            |     1 |     1 ||     2
Armor: Ring mail         |    22 |    10 ||    32
       Leather armour    |     2 |       ||     2
Dodge: Dodged            |    40 |    23 ||    63

Table legend:
 A = Non-vault XP
 B = Vault XP
 C = Vault XP percentage of total XP
 D = Non-vault monster count
 E = Vault monster count
 F = Vault count percentage of total count
                 A         B        C        D         E       F
            +---------+---------+-------+---------+---------+-------
      Total |     121 |       2 |   1.6 |      55 |       1 |   1.8
            +---------+---------+-------+---------+---------+-------
        D:1 |      19 |       0 |   0.0 |      12 |       0 |   0.0
        D:2 |      63 |       2 |   3.1 |      27 |       1 |   3.6
        D:3 |      39 |       0 |   0.0 |      16 |       0 |   0.0
            +---------+---------+-------+---------+---------+-------
